 Dungeon Crawl Stone Soup version 0.20.0-15-g7f486f2 (webtiles) character file.

450 vishdafish the Cutter (level 7, 0/40 HPs)
             Began as a Kobold Assassin on June 18, 2017.
             Slain by a worker ant (4 damage)
             ... on level 3 of the Dungeon.
             The game lasted 00:20:46 (4623 turns).

vishdafish the Cutter (Kobold Assassin)             Turns: 4623, Time: 00:20:47

Health: 0/40       AC:  4    Str:  8    XL:     7   Next: 25%
Magic:  7/7        EV: 19    Int: 12    God:
Gold:   223        SH:  0    Dex: 19    Spells: 6/6 levels left

rFire    . . .     SeeInvis .   a - +3 dagger
rCold    . . .     Gourm    .   (shield restricted)
rNeg     + . .     Faith    .   c - +0 robe
rPois    .         Spirit   .   (no helmet)
rElec    .         Reflect  .   d - +0 cloak
rCorr    .         Harm     .   r - +0 pair of gloves
MR       .....                  (no boots)
Stlth    ++++......             (no amulet)
Regen    0.2/turn               l - ring of positive energy
MPRegen  0.1/turn               (no ring)

@: lethally poisoned (0 -> -10)
A: carnivore 3
a: no special abilities


You were on level 3 of the Dungeon.
You were not hungry.

You visited 1 branch of the dungeon, and saw 4 of its levels.

You collected 223 gold pieces.

Inventory:

Hand Weapons
 a - a +3 dagger (weapon)
 b - a +0 blowgun
Missiles
 e - 8 poisoned needles
 f - 2 curare-tipped needles
Armour
 c - a +0 robe (worn)
 d - a +0 cloak (worn)
 r - a +0 pair of gloves (worn)
Jewellery
 l - a ring of positive energy (left hand)
 n - an uncursed amulet of faith
Wands
 g - a wand of flame (25/48)
 s - a wand of flame (17/48)
Scrolls
 h - a scroll of remove curse {unknown}
 i - a scroll of blinking
 j - 2 scrolls of enchant weapon
 m - a scroll of enchant armour {unknown}
 p - a scroll of teleportation {unknown}
 u - a scroll of fear {unknown}
 v - a scroll of immolation {unknown}
Potions
 w - a potion of ambrosia {unknown}
 z - a potion of flight {unknown}
Comestibles
 t - 2 royal jellies


   Skills:
 - Level 2.2 Fighting
 + Level 6.5 Short Blades
 - Level 2.4 Throwing
 * Level 5.4 Dodging
 - Level 6.4 Stealth


You had 6 spell levels left.
You didn't know any spells.

Dungeon Overview and Level Annotations

Branches:
Dungeon (4/15)
 Temple: D:4-7

Altars:
Fedhas
Nemelex Xobeh
Ru


Innate Abilities, Weirdness & Mutations

You are small and have problems with some larger weapons.
You are carnivorous and can eat meat at any time.


Message History

The worker ant bites you!
* * * LOW HITPOINT WARNING * * *
You hit the worker ant.
The worker ant is moderately wounded.
You feel sick. The worker ant completely misses you.
You closely miss the worker ant.
The worker ant is moderately wounded.
The worker ant bites you.
* * * LOW HITPOINT WARNING * * *
You are lethally poisoned!
The worker ant poisons you!
The worker ant bites you but does no damage.
* * * LOW HITPOINT WARNING * * *
You feel sick.
* * * LOW HITPOINT WARNING * * *
You feel sick.
It was a potion of cancellation.
You feel magically purged.
* * * LOW HITPOINT WARNING * * *
You feel sick. The worker ant bites you.
You die...

#.#.# #.#.#.#######)##
#.#.# #.#.#.# #.# #.#.#
#.#.#.# #.#
##'#.#+#.#.#.# #.#
#........#.#<# #.#
#........#.#########.#
#........#.#..)......#
###'#.#'#.#.#.##########
.............>.a@......#
#.#.#.#.#...[.#######.##
..#.#.#.###.######.##.#
<...#.#............##.#
#...#.......######.##.#
###.#.#.##### #.##.#
#...#.# #.##.# #####.#
#.##.# #.# #.##.#


You could see a worker ant.

Vanquished Creatures
  The ghost of ThereIsNoGod the Digger, an amateur SpEE (D:4)
  The ghost of greprep the Grave Robber, an amateur DENe (D:3)
  A howler monkey (D:4)
  Crazy Yiuf (D:4)
  Jessica (D:2)
  Ijyb (D:3)
  2 adders (D:3)
  An ooze (D:2)
  3 worms
  A dart slug (D:1)
  10 orcs
  10 bats
  2 giant cockroaches
  10 goblins
  10 hobgoblins
  2 quokkas
  7 frilled lizards
  12 kobolds
  5 rats
81 creatures vanquished.

Notes
Turn   | Place    | Note
-------+----------+-------------------------------------------
     0 | D:1      | vishdafish the Kobold Assassin began the quest for the Orb.
     0 | D:1      | Reached XP level 1. HP: 12/12 MP: 1/1
   251 | D:1      | Reached XP level 2. HP: 17/17 MP: 2/2
   706 | D:1      | Reached XP level 3. HP: 20/21 MP: 3/3
  1322 | D:2      | Noticed Jessica
  1336 | D:2      | Killed Jessica
  1336 | D:2      | Reached XP level 4. HP: 15/26 MP: 4/4
  1809 | D:2      | Found a sparkling altar of Nemelex Xobeh.
  2193 | D:3      | Noticed greprep's ghost (amateur DENe)
  2211 | D:3      | Killed greprep's ghost
  2211 | D:3      | Reached skill level 5 in Short Blades
  2211 | D:3      | Reached XP level 5. HP: 14/30 MP: 5/5
  2810 | D:3      | Found a sacrificial altar of Ru.
  2898 | D:3      | Reached XP level 6. HP: 20/35 MP: 6/6
  2939 | D:3      | Found a blossoming altar of Fedhas.
  3510 | D:4      | Found a runed door.
  3516 | D:4      | Noticed Crazy Yiuf
  3520 | D:4      | Killed Crazy Yiuf
  3619 | D:4      | Noticed ThereIsNoGod's ghost (amateur SpEE)
  3989 | D:4      | Noticed Ijyb
  4414 | D:3      | Killed Ijyb
  4604 | D:4      | Killed ThereIsNoGod's ghost
  4604 | D:4      | Reached skill level 5 in Dodging
  4604 | D:4      | Reached XP level 7. HP: 39/40 MP: 7/7
  4623 | D:3      | Slain by a worker ant

Skill      XL: |  1  2  3  4  5  6 |
---------------+-------------------+-----
Stealth        | 6 |  6.4
Short Blades   | 3 5 6 |  6.5
Dodging        | 2 3 5 |  5.4
Fighting       | |  2.2
Throwing       | |  2.4

Action                   |  1- 3 |  4- 6 |  7- 9 || total
-------------------------+-------+-------+-------++-------
Melee: Dagger            |   108 |   337 |    13 ||   458
  Use: Scroll            |       |     7 |       ||     7
       Potion            |       |     5 |     1 ||     6
 Stab: Sleeping          |     8 |     9 |       ||    17
  Eat: Meat ration       |     1 |     1 |       ||     2
Armor: Robe              |    16 |    49 |     2 ||    67
       Skin              |       |    82 |       ||    82
Dodge: Dodged            |    66 |   173 |    12 ||   251
